[Event "ICC tourney 1911 (25 10)"]
[Site "Internet Chess Club"]
[Date "2020.07.11"]
[Round "2"]
[White "saisneha"]
[Black "moneymo"]
[Result "1/2-1/2"]
[ICCResult "Game drawn by mutual agreement"]
[WhiteElo "1568"]
[BlackElo "1431"]
[Opening "Old Benoni defense"]
[ECO "A44"]
[NIC "OI.09"]
[Time "13:45:18"]
[TimeControl "1500+10"]

1. d4 c5 2. d5 e5 3. c4 d6 4. Nc3 f5 5. Qc2 Na6 6. a3 g5 7. e4 f4 8. g3 h5
9. f3 Be7 10. Nge2 Bd7 11. gxf4 gxf4 12. Kd2 Bh4 13. Nd1 b5 14. Nec3 b4 15.
Na4 Qa5 16. Rg1 Bxa4 17. b3 Bd7 18. axb4 Qxa1 19. Bb2 Qa2 20. Nc3 Nxb4 21.
Nxa2 Nxc2 22. Kxc2 Nh6 23. Rg6 Nf7 24. Nc3 Ke7 25. Rg2 Ng5 26. Be2 a5 27.
Na4 Rhb8 28. Bc3 Bxa4 29. bxa4 Rb4 30. Bxb4 axb4 31. Kb3 Ra5 32. Bd1 Kf6 33.
Be2 Be1 34. Rg1 Bf2 35. Rg2 Bh4 36. Bd1 Kf7 37. Be2 Nh3 38. Bd1 Ra8 39. Be2
Nf2 40. Rg1 Bd8 41. Rg2 Nh3 42. Bd1 Ba5 43. Be2 Rg8 44. Rxg8 Kxg8 45. Bd1
Kf7 46. Kc2 Ng1 47. h4 Ke8 48. Kd2 Kd7 49. Ke1 b3+ 50. Kf2 b2 51. Bc2 Nxf3
52. Kxf3 Be1 53. Ke2 Bxh4 54. Kf3 Kc7 55. Ke2 Kb6 56. Kd3 Ka5 57. Kc3 b1=Q
58. Bxb1 Kxa4 59. Bc2+ Ka3 60. Bd1 Bf2 61. Bxh5 Bd4+ 62. Kd3 Kb3 63. Bd1+
Kb4 64. Bf3 Be3 65. Bd1 Ka3 66. Kc3 Bd4+ 67. Kd3 Kb2 68. Bg4 Kc1 69. Bf3 Ba1
70. Be2 Bd4 71. Bf3 Bf2 72. Be2 Bg3 73. Bf3 Kb2 74. Be2 Ka3 75. Bf3 Kb4 76.
Be2 Ka5 77. Bg4 Kb6 78. Ke2 Kc7 79. Kf3 Kd8 80. Bh5 Ke7 81. Bg4 Kf6 82. Bf5
Kg5 83. Bg4 Kh4 84. Bf5 Be1 85. Bg4 Bc3 86. Bf5 Bd4 87. Bg4 Be3 88. Bf5 Kg5
89. Bg4 Kf6 90. Bf5 Ke7 91. Bg4 Kd8 92. Ke2 Kc7 93. Kd3 Kb6 94. Bf3 Kc7 95.
Bg4 Kd8 96. Ke2 Ke7 97. Kf3 Kf6 98. Bf5 {Game drawn by mutual agreement}
1/2-1/2

[Event "ICC tourney 1911 (25 10)"]
[Site "Internet Chess Club"]
[Date "2020.07.11"]
[Round "2"]
[White "langlglang"]
[Black "HeJustin"]
[Result "1-0"]
[ICCResult "Black checkmated"]
[WhiteElo "1195"]
[BlackElo "1068"]
[Opening "King's Indian: 4.e4"]
[ECO "E76"]
[NIC "KI.32"]
[Time "13:45:25"]
[TimeControl "1500+10"]

1. d4 Nf6 2. c4 g6 3. Nc3 Bg7 4. e4 O-O 5. f4 d6 6. Nf3 Nbd7 7. Bd3 c5 8. d5
e6 9. e5 Ne8 10. dxe6 fxe6 11. exd6 Nxd6 12. Bxg6 Nxc4 13. Bxh7+ Kxh7 14.
Qd3+ Kg8 15. Qxc4 Qf6 16. Ng5 Re8 17. O-O Qd4+ 18. Qxd4 Bxd4+ 19. Kh1 e5 20.
Nd5 Rf8 21. Rf3 Nb6 22. Nc7 Rb8 23. Rg3 exf4 24. Bxf4 Bf2 25. Rf3 Rxf4 26.
Rxf4 Be3 27. Rf3 Bxg5 28. Rg3 Kf7 29. Rxg5 c4 30. Nb5 a6 31. Nd6+ Ke7 32.
Nxc8+ Rxc8 33. h3 Kf6 34. Rg3 Nd5 35. Re1 b5 36. Rf3+ Kg6 37. Re6+ Kg7 38.
Rxa6 Nb4 39. Rb6 Nxa2 40. Rxb5 Nc1 41. Rg5+ Kh6 42. Rg4 Nd3 43. Rxc4 Rxc4
44. Rxd3 Rb4 45. b3 Kg5 46. g3 Rb5 47. Kg2 Kf5 48. Kf3 Kg5 49. Rc3 Kf5 50.
h4 Kg6 51. g4 Rb6 52. Kf4 Rb4+ 53. Rc4 Rxb3 54. h5+ Kh6 55. Rc6+ Kg7 56. Kg5
Rb5+ 57. Kh4 Rb4 58. h6+ Kh7 59. Kh5 Rb1 60. Rc7+ Kh8 61. g5 Rb6 62. Rf7 Kg8
63. Rf6 Rb5 64. Kg6 Re5 65. h7+ Kh8 66. Rf8# {Black checkmated} 1-0

[Event "ICC tourney 1911 (25 10)"]
[Site "Internet Chess Club"]
[Date "2020.07.11"]
[Round "2"]
[White "anshulg"]
[Black "CoastalJourney"]
[Result "1-0"]
[ICCResult "Black checkmated"]
[WhiteElo "1406"]
[BlackElo "1324"]
[Opening "Scandinavian: Marshall variation"]
[ECO "B01"]
[NIC "SD.03"]
[Time "13:45:21"]
[TimeControl "1500+10"]

1. e4 d5 2. exd5 Nf6 3. d4 Nxd5 4. Nf3 Nc6 5. c4 Nb6 6. Nc3 Bg4 7. Be3 e6 8.
c5 Nd5 9. Nxd5 Qxd5 10. Be2 g6 11. h3 Bxf3 12. Bxf3 Qd7 13. d5 exd5 14. Qxd5
Qxd5 15. Bxd5 Bg7 16. Bxc6+ bxc6 17. O-O-O O-O 18. Rd7 Rab8 19. b3 Rb7 20.
Rhd1 h5 21. Kb1 a5 22. Bf4 a4 23. Rxc7 Rxc7 24. Bxc7 axb3 25. axb3 Rc8 26.
Rd8+ Rxd8 27. Bxd8 Bd4 28. Be7 Bxf2 29. Kc2 f5 30. Kc3 Kf7 31. Bd6 Be1+ 32.
Kc4 Ke6 33. b4 Bf2 34. b5 cxb5+ 35. Kxb5 Kd7 36. Kb6 g5 37. Kb7 Bxc5 38.
Bxc5 g4 39. hxg4 hxg4 40. Be3 Ke6 41. g3 Kd6 42. Bf4+ Kd5 43. Kc7 Ke4 44.
Kd6 Kd4 45. Ke6 Ke4 46. Kf6 Kd5 47. Kxf5 Kd4 48. Kxg4 Ke4 49. Kg5 Kf3 50.
Kf5 Kg2 51. g4 Kh3 52. g5 Kh4 53. g6 Kh3 54. g7 Kg2 55. g8=Q+ Kf2 56. Qg3+
Ke2 57. Qe3+ Kf1 58. Qd2 Kg1 59. Bg3 Kf1 60. Qf2# {Black checkmated} 1-0

[Event "ICC tourney 1911 (25 10)"]
[Site "Internet Chess Club"]
[Date "2020.07.11"]
[Round "2"]
[White "DankMemer"]
[Black "gmcarebear999"]
[Result "1-0"]
[ICCResult "Black resigns"]
[WhiteElo "1554"]
[BlackElo "1349"]
[Opening "Queen's pawn: London system"]
[ECO "A45"]
[NIC "QP.05"]
[Time "13:46:01"]
[TimeControl "1500+10"]

1. d4 Nf6 2. Bf4 e6 3. Nf3 d5 4. e3 c5 5. c3 Nc6 6. Be2 Be7 7. h3 O-O 8.
Nbd2 c4 9. Qc2 b5 10. e4 dxe4 11. Nxe4 Bb7 12. O-O Qd5 13. Nfg5 Nxe4 14. Bf3
f5 15. Nxe4 fxe4 16. Bxe4 Qh5 17. Bg3 Na5 18. Rfe1 Bxe4 19. Qxe4 Qf7 20.
Qxe6 Qxe6 21. Rxe6 Bf6 22. Ra6 Nb7 23. Re1 Bd8 24. Re5 Bb6 25. Rxb5 Na5 26.
Rbxa5 Bxa5 27. Rxa5 Rf6 28. Rc5 Rb6 29. Rxc4 Rxb2 30. a4 Rd8 31. Rc7 a6 32.
Ra7 Rb6 33. Kh2 Rc6 34. Be5 Rg6 35. c4 Re8 36. c5 Kf8 37. f4 Re7 38. Bd6
Rxd6 39. Rxe7 Kxe7 40. cxd6+ Kxd6 41. Kg3 Kd5 42. f5 Kxd4 43. Kf4 Kd5 44. g4
a5 45. h4 Kc4 46. Ke5 Kb4 47. Ke6 Kxa4 48. Kf7 Kb3 49. Kxg7 a4 50. f6 a3 51.
f7 a2 52. f8=Q a1=Q+ 53. Kxh7 Qh1 54. h5 Qe4+ 55. Qf5 Qe7+ 56. Kg6 Qd6+ 57.
Qf6 Qd3+ 58. Kg7 Kc2 59. Qf5 {Black resigns} 1-0

[Event "ICC tourney 1911 (25 10)"]
[Site "Internet Chess Club"]
[Date "2020.07.11"]
[Round "2"]
[White "Almanac2050"]
[Black "mathewjiang"]
[Result "0-1"]
[ICCResult "White forfeits on time"]
[WhiteElo "1601"]
[BlackElo "1416"]
[Opening "Scandinavian (center counter) defense"]
[ECO "B01"]
[NIC "SD.01"]
[Time "13:45:20"]
[TimeControl "1500+10"]

1. e4 d5 2. exd5 Qxd5 3. Nc3 Qa5 4. d4 c6 5. Nf3 Nf6 6. Be2 Bf5 7. O-O Qc7
8. h3 e6 9. Be3 Nbd7 10. Qd2 Be7 11. Rad1 O-O 12. Bf4 Bd6 13. Bxd6 Qxd6 14.
Bd3 Bg6 15. Bxg6 hxg6 16. Qg5 Nb6 17. Qh4 Nbd5 18. Ng5 Rac8 19. Nce4 Qb4 20.
a3 Qc4 21. Rd2 Rfd8 22. b3 Qa6 23. Nxf6+ Nxf6 24. Rd3 Rd7 25. a4 Rcd8 26.
Rfd1 c5 27. dxc5 Rxd3 28. Rxd3 Rxd3 29. cxd3 Qxd3 30. Qb4 Qd5 31. Nf3 Nd7
32. Qd4 Nxc5 33. Qxd5 exd5 34. Nd4 Kf8 35. a5 b6 36. axb6 axb6 37. Kf1 Ke7
38. Ke2 Kf6 39. b4 Na6 40. Nc2 Ke5 41. Ke3 f5 42. f4+ Kd6 43. Kd4 Nc7
{White forfeits on time}
0-1

[Event "ICC tourney 1911 (25 10)"]
[Site "Internet Chess Club"]
[Date "2020.07.11"]
[Round "2"]
[White "Zwish"]
[Black "okalia"]
[Result "1-0"]
[ICCResult "Black resigns"]
[WhiteElo "1058"]
[BlackElo "1318"]
[Opening "Alapin's opening"]
[ECO "C20"]
[NIC "KP.10"]
[Time "13:45:14"]
[TimeControl "1500+10"]

1. e4 e5 2. Ne2 Nc6 3. f4 d6 4. d4 Nf6 5. Nbc3 g6 6. g3 exf4 7. Nxf4 Bg7 8.
Bc4 Bg4 9. Qd3 O-O 10. a3 Re8 11. O-O Qd7 12. Bd2 Rad8 13. Rf2 Be6 14. d5
Ne5 15. dxe6 fxe6 16. Qe2 d5 17. exd5 exd5 18. Bxd5+ Nxd5 19. Nfxd5 Ng4 20.
Qc4 Kh8 21. Rg2 c6 22. h3 Ne5 23. Qh4 cxd5 24. Rf1 Rf8 25. Rgf2 Rxf2 26.
Rxf2 Nc4 27. Bh6 Bxh6 28. Qxh6 Qe7 29. Re2 Qc5+ 30. Kh2 Ne5 31. Qf4 Nd7 32.
Qf7 Qf8 33. Qxd5 Nf6 34. Qe5 Kg7 35. Qe7+ Kg8 36. Qxb7 Nd7 37. Qxa7 Qf3 38.
Qf2 Qb7 39. b4 Qc6 40. Ne4 Rf8 41. Qd4 Qa6 42. Qd3 Qa7 43. Qd5+ Kh8 44. Nc5
Nf6 45. Qd3 Qa8 46. c4 Rd8 47. Qc3 Qf3 48. Qxf3 Rf8 49. Re8 Rxe8 50. Qxf6+
{Black resigns}
1-0

[Event "ICC tourney 1911 (25 10)"]
[Site "Internet Chess Club"]
[Date "2020.07.11"]
[Round "2"]
[White "AmyMGL"]
[Black "raghuraja"]
[Result "0-1"]
[ICCResult "White forfeits on time"]
[WhiteElo "1374"]
[BlackElo "1406"]
[Opening "Sicilian: Najdorf, Lipnitzky attack"]
[ECO "B86"]
[NIC "SI.13"]
[Time "13:45:11"]
[TimeControl "1500+10"]

1. e4 c5 2. Nf3 d6 3. d4 cxd4 4. Nxd4 Nf6 5. Nc3 a6 6. Bc4 e6 7. Bb3 Be7 8.
O-O O-O 9. a4 Qc7 10. Kh1 Nc6 11. Be3 b6 12. f3 Bb7 13. Qd2 Rfd8 14. Qf2 Nd7
15. Qg3 Bf6 16. Nce2 Nc5 17. Ba2 Rac8 18. c3 Qe7 19. Nxc6 Bxc6 20. Nd4 Bb7
21. Qg4 Kh8 22. b4 Nd7 23. Rac1 Ne5 24. Qh3 Nc4 25. Bg1 Nb2 26. Bb1 h6 27.
Be3 Bg5 28. f4 Bf6 29. e5 dxe5 30. fxe5 Bg5 31. Bxg5 Qxg5 32. Nf3 Bxf3 33.
Qxf3 Rd7 34. Qe4 Qg6 35. Qe2 Qg5 36. Qxb2 Rd2 37. Qxd2 Qxd2 38. Rc2 Qe3 39.
Rcf2 Rc7 40. Rf3 Qxe5 41. Rd1 g6 {White forfeits on time} 0-1

[Event "ICC tourney 1911 (25 10)"]
[Site "Internet Chess Club"]
[Date "2020.07.11"]
[Round "2"]
[White "chessisthebest1"]
[Black "rachael1120"]
[Result "1-0"]
[ICCResult "Black checkmated"]
[WhiteElo "1491"]
[BlackElo "1479"]
[Opening "Sicilian: accelerated fianchetto, modern variation with Bc4"]
[ECO "B35"]
[NIC "SI.33"]
[Time "13:45:11"]
[TimeControl "1500+10"]

1. e4 c5 2. Nf3 Nc6 3. d4 cxd4 4. Nxd4 g6 5. Nc3 Bg7 6. Be3 Nf6 7. Bc4 O-O
8. Bb3 d6 9. f3 Bd7 10. Qd2 Rc8 11. O-O-O Ne5 12. h4 h5 13. Bg5 Nc4 14. Bxc4
Rxc4 15. Nb3 a5 16. Qe2 Qc7 17. Rd4 Rxd4 18. Nxd4 Re8 19. Rd1 Nh7 20. Nd5
Qd8 21. Qd2 Nxg5 22. Qxg5 Bc6 23. g3 Bxd5 24. Qxd5 Qb6 25. Qb5 Qxb5 26. Nxb5
Rc8 27. a4 Bh6+ 28. Kb1 Be3 29. Nc3 Rc4 30. Rd3 Bf2 31. b3 Rd4 32. Rxd4 Bxd4
33. Ne2 Bf6 34. c3 Kf8 35. Kc2 Ke8 36. Kd3 Kd7 37. b4 axb4 38. cxb4 Kc6 39.
Kc4 e6 40. b5+ Kb6 41. Kb4 Be5 42. a5+ Kc7 43. f4 Bf6 44. Kc4 Bg7 45. Ng1
Bb2 46. Nf3 f6 47. Nd4 Bxd4 48. Kxd4 Kd7 49. Ke3 Kc7 50. f5 gxf5 51. exf5 e5
52. Kf3 d5 53. g4 e4+ 54. Kf4 hxg4 55. Kxg4 d4 56. Kf4 d3 57. Ke3 Kd6 58. h5
Ke7 59. a6 bxa6 60. bxa6 Kd7 61. a7 Kc6 62. a8=Q+ Kb5 63. Qxe4 Kc5 64. Qd4+
Kb5 65. Qxd3+ Kc6 66. h6 Kc7 67. h7 Kc8 68. h8=Q+ Kc7 69. Qxf6 Kb7 70. Qd7+
Kb8 71. Qf8# {Black checkmated} 1-0

[Event "ICC tourney 1911 (25 10)"]
[Site "Internet Chess Club"]
[Date "2020.07.11"]
[Round "2"]
[White "Mulan2009"]
[Black "Leolix"]
[Result "0-1"]
[ICCResult "White resigns"]
[WhiteElo "1575"]
[BlackElo "1640"]
[Opening "Sicilian: Najdorf"]
[ECO "B90"]
[NIC "SI.14"]
[Time "13:45:07"]
[TimeControl "1500+10"]

1. e4 c5 2. Nf3 d6 3. d4 cxd4 4. Nxd4 Nf6 5. Nc3 a6 6. f3 e5 7. Nb3 Be6 8.
Be3 Be7 9. Qd2 h5 10. O-O-O Nbd7 11. h3 b5 12. Nd5 Bxd5 13. exd5 Nb6 14.
Bxb6 Qxb6 15. Na5 Rc8 16. Nb3 b4 17. Bd3 a5 18. Bf5 Ra8 19. Kb1 a4 20. Nc1
O-O 21. g4 b3 22. cxb3 axb3 23. Nxb3 Qa6 24. a3 Rfb8 25. Bc2 Qa4 26. Ka2 Rb7
27. Qd3 g6 28. g5 Nd7 29. h4 Rab8 30. Rb1 Rb5 31. Qe4 Qa8 32. Rhd1 Rxb3 33.
Bxb3 Rxb3 34. Rdc1 Qb7 35. Qa4 Rb5 36. Qc4 Rc5 37. Qe4 Qb5 38. Rxc5 Nxc5 39.
Qc2 Kg7 40. Rc1 Nd3 41. Rd1 Nf4 42. Qd2 Qc4+ 43. b3 Qc5 44. a4 Bd8 45. Kb2
Ba5 46. Qc2 Qe3 47. Qe4 Qf2+ 48. Ka3 Bc3 49. Rb1 Qd2 50. b4 Nd3 51. a5 Bb2+
52. Kb3 Qc3+ 53. Ka4 Qc2+ 54. Kb5 Qxb1 55. a6 Bd4 56. Kc6 Nxb4+ 57. Kb7 Qa2
58. f4 Qxa6+ 59. Kc7 Bb6+ 60. Kxd6 Bd8+ 61. Kd7 Qb6 62. Qxe5+ Kh7 63. Ke8 f6
64. Qe6 Qxe6+ 65. dxe6 Nc6 66. Kd7 fxg5 67. fxg5 Nd4 68. Kd6 Nf5+ 69. Kd7
Be7 70. Ke8 Ba3 71. Kf7 Nxh4 72. Kf6 Nf3 73. e7 Bxe7+ 74. Kxe7 h4 75. Ke6 h3
76. Kd5 h2 77. Ke4 h1=Q 78. Kd3 Nxg5 79. Kc4 Qe4+ 80. Kb5 Ne6 81. Kb6 Qc4
82. Ka7 Qb4 83. Ka8 Nc5 {White resigns} 0-1

[Event "ICC tourney 1911 (25 10)"]
[Site "Internet Chess Club"]
[Date "2020.07.11"]
[Round "2"]
[White "KingSacrifice-1"]
[Black "IndianTerritory"]
[Result "1/2-1/2"]
[ICCResult "Black stalemated"]
[WhiteElo "1453"]
[BlackElo "1477"]
[Opening "Bird's opening"]
[ECO "A02"]
[NIC "VO.07"]
[Time "13:46:01"]
[TimeControl "1500+10"]

1. f4 c6 2. e4 d5 3. e5 Bf5 4. d4 Nd7 5. Nf3 e6 6. Bd3 Ne7 7. Be3 Be4 8. Qe2
Nf5 9. Bf2 Qb6 10. Bxe4 Qxb2 11. Bxf5 Qxa1 12. O-O exf5 13. c3 c5 14. Qc2 g6
15. Nbd2 Qxf1+ 16. Kxf1 c4 17. Ng5 h6 18. e6 hxg5 19. exd7+ Kxd7 20. Qa4+
Ke6 21. fxg5 Bd6 22. Nf3 a6 23. Kg1 Rhe8 24. Ne5 b5 25. Qd1 Bxe5 26. dxe5
Rac8 27. Qd4 Rc6 28. Qa7 Rec8 29. a3 R8c7 30. Qd4 a5 31. g4 b4 32. gxf5+
gxf5 33. axb4 axb4 34. cxb4 c3 35. Be3 Rc4 36. Qb6+ Kxe5 37. Bc1 d4 38. Qb5+
Ke4 39. Qe8+ Kd3 40. b5 R4c5 41. b6 Rb7 42. Kf1 Kc4 43. Qa4+ Kd5 44. Qa6 Kc6
45. Qa4+ Kd5 46. Ba3 Rxb6 47. Qd7+ Kc4 48. Qxf7+ Rd5 49. g6 d3 50. Qc7+ Kb5
51. Qxc3 Rd7 52. Qc5+ Ka6 53. Qc8+ Rbb7 54. Qc6+ Ka7 55. Bc5+ Kb8 56. Bd6+
Ka7 57. Qa4+ Kb6 58. Qd4+ Kb5 59. Qxd3+ Kc6 60. h4 Rxd6 61. Qc3+ Kd7 62.
Qg7+ Kc8 63. Qf8+ Kd7 64. g7 Rb1+ 65. Ke2 Rb2+ 66. Ke3 Re6+ 67. Kf4 Rf2+ 68.
Kg3 Ree2 69. Qf7+ Kd6 70. Qf6+ Kc5 71. Qc3+ Kb5 72. Qd3+ Kc5 73. Qxe2 Rxe2
74. g8=Q Re5 75. Kf4 Re4+ 76. Kxf5 Rxh4 77. Qc8+ Kb4 78. Qb7+ Kc3 79. Qf3+
Kb4 80. Qb7+ Kc3 81. Qg7+ Rd4 82. Qe5 Kc4 83. Qe2+ Kc5 84. Qe7+ Kc4 85. Qe6+
Kd3 86. Qb3+ Kd2 87. Qb2+ Kd3 88. Ke5 Re4+ 89. Kd5 Rg4 90. Qb3+ Kd2 91. Qb2+
Kd3 92. Qb1+ Kd2 93. Qf5 Rg2 94. Kd4 Ke1 95. Qe4+ Re2 96. Qh4+ Kf1 97. Kd3
Rg2 98. Qh3 Kg1 99. Ke3 Re2+ 100. Kf3 Re3+ 101. Kxe3 {Black stalemated}
1/2-1/2

[Event "ICC tourney 1911 (25 10)"]
[Site "Internet Chess Club"]
[Date "2020.07.11"]
[Round "3"]
[White "IndianTerritory"]
[Black "RockroyalChess"]
[Result "1-0"]
[ICCResult "Black resigns"]
[WhiteElo "1509"]
[BlackElo "1296"]
[Opening "Giuoco Pianissimo"]
[ECO "C50"]
[NIC "IG.02"]
[Time "15:30:10"]
[TimeControl "1500+10"]

1. e4 e5 2. Nf3 Nc6 3. Bc4 Bc5 4. d3 Nf6 5. c3 d6 6. Bb3 a6 7. Nbd2 Bg4 8.
O-O h6 9. Nc4 b5 10. Ne3 Be6 11. d4 Bxb3 12. Qxb3 exd4 13. cxd4 Nxd4 14.
Nxd4 Bxd4 15. Nf5 Be5 16. f4 g6 17. fxe5 gxf5 18. exf6 {Black resigns} 1-0

[Event "ICC tourney 1911 (25 10)"]
[Site "Internet Chess Club"]
[Date "2020.07.11"]
[Round "3"]
[White "chesslin"]
[Black "KingSacrifice-1"]
[Result "1-0"]
[ICCResult "Black resigns"]
[WhiteElo "1738"]
[BlackElo "1442"]
[Opening "Queen's pawn: London system"]
[ECO "A45"]
[NIC "QP.07"]
[Time "15:30:23"]
[TimeControl "1500+10"]

1. d4 Nf6 2. Bf4 d5 3. e3 Bf5 4. c4 e6 5. Nc3 c5 6. Qb3 Qd7 7. Bxb8 Rxb8 8.
cxd5 a6 9. Bxa6 Qc7 10. Bb5+ Nd7 11. e4 cxd4 12. exf5 dxc3 13. dxe6 Qe5+ 14.
Ne2 Bd6 15. Bxd7+ Kf8 16. Qxc3 Qxf5 17. e7+ {Black resigns} 1-0

[Event "ICC tourney 1911 (25 10)"]
[Site "Internet Chess Club"]
[Date "2020.07.11"]
[Round "3"]
[White "rpughiii"]
[Black "Zwish"]
[Result "0-1"]
[ICCResult "White resigns"]
[WhiteElo "1299"]
[BlackElo "1081"]
[Opening "Queen's pawn game"]
[ECO "A46"]
[NIC "QP.06"]
[Time "15:30:47"]
[TimeControl "1500+10"]

1. d4 Nf6 2. Nf3 a6 3. Bf4 c5 4. e3 Qb6 5. Qc1 e6 6. Nbd2 d5 7. c4 Nc6 8.
dxc5 Bxc5 9. Nb3 Bb4+ 10. Nfd2 e5 11. Bg5 Ne4 12. cxd5 Na5 {White resigns}
0-1

[Event "ICC tourney 1911 (25 10)"]
[Site "Internet Chess Club"]
[Date "2020.07.11"]
[Round "3"]
[White "Armandollantas"]
[Black "albli"]
[Result "1-0"]
[ICCResult "Black checkmated"]
[WhiteElo "1580"]
[BlackElo "1441"]
[Opening "QGD"]
[ECO "D52"]
[NIC "QO.16"]
[Time "15:30:56"]
[TimeControl "1500+10"]

1. d4 d5 2. c4 e6 3. Nc3 Nf6 4. Nf3 Nbd7 5. Bg5 c6 6. e3 Be7 7. Be2 O-O 8.
O-O h6 9. Bh4 dxc4 10. Bxc4 b5 11. Bd3 Bb7 12. Rc1 a6 13. Bg3 c5 14. a3 Qb6
15. dxc5 Nxc5 16. Bb1 Rad8 17. Qe2 Nd5 18. Nxd5 Bxd5 19. b4 Ne4 20. Bc7 Qb7
21. Bxd8 Rxd8 22. Rfd1 Nd6 23. Ba2 Nc4 24. Bxc4 bxc4 25. Ne5 Bxg2 26. Rxd8+
Bxd8 27. Qxc4 Bh3 28. f3 Qe7 29. Qf4 Bc7 30. Qxf7+ Qxf7 31. Nxf7 Bb6 32.
Nxh6+ gxh6 33. Kf2 Kg7 34. Rc6 Bd8 35. Rxa6 Kf6 36. Rd6 Bc7 37. Rd4 Kg5 38.
Rd1 Kh4 39. f4 Bf5 40. b5 Kh3 41. Rc1 Ba5 42. Rc6 Kxh2 43. b6 Be4 44. Rxe6
Bb7 45. Rxh6# {Black checkmated} 1-0

[Event "ICC tourney 1911 (25 10)"]
[Site "Internet Chess Club"]
[Date "2020.07.11"]
[Round "3"]
[White "langlglang"]
[Black "capetarget"]
[Result "0-1"]
[ICCResult "White resigns"]
[WhiteElo "1175"]
[BlackElo "1368"]
[Opening "King's Indian: Four pawns attack"]
[ECO "E76"]
[NIC "KI.31"]
[Time "15:30:15"]
[TimeControl "1500+10"]

1. d4 Nf6 2. c4 g6 3. Nc3 Bg7 4. e4 d6 5. f4 O-O 6. Nf3 Nfd7 7. Bd3 e5 8.
Be3 Nc6 9. d5 Nd4 10. Qd2 Nc5 11. Bb1 Nxf3+ 12. gxf3 Qh4+ 13. Qf2 Qxf2+ 14.
Kxf2 exf4 15. Bxf4 Bd7 16. h4 f5 17. Bd2 fxe4 18. Bxe4 Bxc3 19. Bh6 Nxe4+
20. Ke3 Bd2+ 21. Kd3 Bxh6 22. fxe4 Rf3+ 23. Ke2 Raf8 24. Rhf1 {White
resigns} 0-1

[Event "ICC tourney 1911 (25 10)"]
[Site "Internet Chess Club"]
[Date "2020.07.11"]
[Round "3"]
[White "Kausy"]
[Black "sushivishwa"]
[Result "1-0"]
[ICCResult "Black checkmated"]
[WhiteElo "1713"]
[BlackElo "1472"]
[Opening "Giuoco Piano"]
[ECO "C50"]
[NIC "IG.02"]
[Time "15:30:22"]
[TimeControl "1500+10"]

1. e4 e5 2. Nf3 Nc6 3. Bc4 Bc5 4. O-O Nf6 5. d3 d6 6. c3 a6 7. Re1 Ba7 8.
Bb3 Ne7 9. d4 Ng6 10. dxe5 Ng4 11. Rf1 N4xe5 12. Nxe5 Nxe5 13. Bf4 O-O 14.
Na3 Qf6 15. Bg3 Be6 16. Kh1 Rad8 17. Qe2 Rfe8 18. f4 Ng4 19. f5 Bxb3 20.
Qxg4 Ba4 21. Bh4 Qe5 22. Bxd8 Rxd8 23. Nc4 Qf6 24. Nd2 Re8 25. e5 Rxe5 26.
Qxa4 h5 27. Rae1 Rb5 28. Ne4 Qh6 29. f6 g5 30. Qc4 d5 31. Qxc7 dxe4 32. Rxe4
Qg6 33. Re8+ Kh7 34. Rf8 Rb6 35. Qxf7+ Qxf7 36. Rxf7+ Kg6 37. Rg7+ Kh6 38.
f7 Rg6 39. Rxg6+ Kh7 40. f8=Q g4 41. Qg7# {Black checkmated} 1-0

[Event "ICC tourney 1911 (25 10)"]
[Site "Internet Chess Club"]
[Date "2020.07.11"]
[Round "3"]
[White "gmcarebear999"]
[Black "chessmaster0981"]
[Result "0-1"]
[ICCResult "White resigns"]
[WhiteElo "1330"]
[BlackElo "1456"]
[Opening "QGD"]
[ECO "D30"]
[NIC "QP.08"]
[Time "15:30:31"]
[TimeControl "1500+10"]

1. d4 d5 2. c4 e6 3. Nf3 Nf6 4. Bg5 Be7 5. e3 c6 6. Nc3 Nbd7 7. cxd5 exd5 8.
Bd3 O-O 9. O-O h6 10. Bh4 b6 11. Rb1 Bb7 12. b4 Re8 13. Ne5 Nxe5 14. dxe5
Nd7 15. Bxe7 Rxe7 16. f4 Nf8 17. Qh5 d4 18. Ne4 dxe3 19. Bc2 Ba6 20. Rf3 Be2
21. Nf6+ Kh8 22. Ng4 Bxf3 23. gxf3 Nh7 24. Nxh6 gxh6 25. Kh1 Qd2 26. Qf5 f6
27. exf6 Rf7 28. Rd1 e2 29. Rg1 e1=Q 30. Rxe1 Qxe1+ 31. Kg2 Rg8+ {White
resigns} 0-1

[Event "ICC tourney 1911 (25 10)"]
[Site "Internet Chess Club"]
[Date "2020.07.11"]
[Round "3"]
[White "ruitang"]
[Black "yogokings12"]
[Result "1-0"]
[ICCResult "Black resigns"]
[WhiteElo "1478"]
[BlackElo "1514"]
[Opening "Sicilian: dragon, Yugoslav attack, Rauser variation"]
[ECO "B76"]
[NIC "SI.17"]
[Time "15:30:26"]
[TimeControl "1500+10"]

1. e4 c5 2. Nf3 d6 3. d4 cxd4 4. Nxd4 Nf6 5. Nc3 g6 6. f3 Bg7 7. Be3 O-O 8.
Qd2 Nc6 9. O-O-O d5 10. Nxc6 bxc6 11. exd5 Nxd5 12. Nxd5 cxd5 13. Bh6 e6 14.
Bxg7 Kxg7 15. h4 Qf6 16. h5 Rb8 17. c3 g5 18. h6+ Kg8 19. Rh5 Kh8 20. Qxg5
Qxg5+ 21. Rxg5 Rg8 22. Rxg8+ Kxg8 23. Rd4 f5 24. Ra4 Ra8 25. Kd2 Kf7 26. c4
Bb7 27. cxd5 Bxd5 28. Bc4 Bxc4 29. Rxc4 Rd8+ 30. Kc3 Rd7 31. b4 Kg6 32. Rc6
Re7 33. a4 Kxh6 34. b5 Kg5 35. a5 Kf4 36. Kb4 h5 37. b6 axb6 38. axb6 Rb7
39. Rxe6 Kg3 40. Rg6+ Kf4 41. Kb5 h4 42. Ka6 Rh7 43. b7 {Black resigns} 1-0

[Event "ICC tourney 1911 (25 10)"]
[Site "Internet Chess Club"]
[Date "2020.07.11"]
[Round "3"]
[White "DanielA1926"]
[Black "AmyMGL"]
[Result "0-1"]
[ICCResult "White checkmated"]
[WhiteElo "1259"]
[BlackElo "1423"]
[Opening "King's Indian: Torre attack"]
[ECO "A48"]
[NIC "QP.01"]
[Time "15:30:12"]
[TimeControl "1500+10"]

1. d4 Nf6 2. Nf3 g6 3. Bg5 Bg7 4. Nbd2 d6 5. c4 O-O 6. e3 Bf5 7. Qb3 b6 8.
Bd3 Bxd3 9. Qxd3 Nbd7 10. O-O c5 11. d5 h6 12. Bh4 g5 13. Bg3 Nh5 14. Rab1
Nxg3 15. hxg3 a6 16. Ne4 Rb8 17. Nexg5 hxg5 18. Nxg5 Nf6 19. f4 Qd7 20. Kf2
Ng4+ 21. Ke2 f5 22. Ne6 Rf6 23. e4 Rxe6 24. dxe6 Qxe6 25. Qd5 Qxd5 26. exd5
b5 27. b3 Kf7 28. a4 Nf6 29. axb5 axb5 30. b4 Ne4 31. bxc5 dxc5 32. Rb3 b4
33. Rh1 Ra8 34. Kf3 Nd2+ 35. Ke3 Nxb3 36. g4 fxg4 37. f5 Rh8 38. Rxh8 Bxh8
39. Kf4 Nd2 40. f6 Bxf6 41. d6 exd6 42. g3 b3 43. Ke3 b2 44. Ke2 b1=Q 45.
Ke3 Bg5+ 46. Kf2 Qf1# {White checkmated} 0-1

[Event "ICC tourney 1911 (25 10)"]
[Site "Internet Chess Club"]
[Date "2020.07.11"]
[Round "3"]
[White "ThunderingFish"]
[Black "DankMemer"]
[Result "1/2-1/2"]
[ICCResult "Game drawn by mutual agreement"]
[WhiteElo "1560"]
[BlackElo "1554"]
[Opening "R?ti opening"]
[ECO "A05"]
[NIC "QP.11"]
[Time "15:30:14"]
[TimeControl "1500+10"]

1. Nf3 Nf6 2. g3 d5 3. Bg2 c6 4. O-O Bf5 5. d3 e6 6. Nbd2 h6 7. c4 Be7 8.
Re1 Bg6 9. Ne5 Bh7 10. cxd5 cxd5 11. Qb3 Qc7 12. Qa4+ Nbd7 13. Ndf3 O-O 14.
Nxd7 Qxd7 15. Qb3 Rfc8 16. Bd2 Bd6 17. Rac1 Rxc1 18. Rxc1 Rc8 19. Rc3 Rc7
20. Nd4 a6 21. Qc2 Qc8 22. Rxc7 Qxc7 23. Qb3 Bc5 24. Nc2 Qb6 25. Qxb6 Bxb6
26. Bc3 Bd8 27. Ne1 Kf8 28. Nf3 Ke7 29. Kf1 Bc7 30. Ke1
{Game drawn by mutual agreement}
1/2-1/2

[Event "ICC tourney 1911 (25 10)"]
[Site "Internet Chess Club"]
[Date "2020.07.11"]
[Round "3"]
[White "mathewjiang"]
[Black "soggydollar"]
[Result "0-1"]
[ICCResult "White checkmated"]
[WhiteElo "1377"]
[BlackElo "1362"]
[Opening "Queen's pawn game, Darooha variation "]
[ECO "D02"]
[NIC "QP.08"]
[Time "15:30:21"]
[TimeControl "1500+10"]

1. d4 d5 2. Nf3 Nf6 3. c4 e6 4. e3 Be7 5. Nc3 O-O 6. Be2 dxc4 7. Bxc4 b6 8.
O-O Bb7 9. b3 Nbd7 10. Bb2 c5 11. Qe2 cxd4 12. Nxd4 Nc5 13. Rfd1 Qc7 14. h3
a6 15. Rac1 b5 16. Bd3 Rfd8 17. Rc2 Qb6 18. Rcc1 Rd7 19. Bb1 Rad8 20. a3 e5
21. b4 exd4 22. bxc5 Bxc5 23. exd4 Bxd4 24. Ba2 Bc5 25. Rxd7 Rxd7 26. Rc2
Qc6 27. Qf1 Nh5 28. Bc1 Ng3 29. Qe1 Qxg2# {White checkmated} 0-1